 Dungeon Crawl Stone Soup version 0.30-a0-883-g5ad918d77d (webtiles) character file.

Game seed: 684974971083714473

71372 cheesebisquit the Grappler (level 14, -3/140 HPs)
             Began as a Troll Fighter on Mar 15, 2023.
             Killed from afar by a swamp worm (23 damage)
             ... with a harpoon shot
             ... on level 1 of the Lair of Beasts.
             The game lasted 01:47:43 (21029 turns).

cheesebisquit the Grappler (Troll Fighter)         Turns: 21029, Time: 01:47:44

Health: -3/140     AC: 17    Str: 31    XL:     14   Next: 97%
Magic:  13/13      EV:  9    Int: 12    God:
Gold:   2842       SH: 18    Dex:  9    Spells: 13/13 levels left

rFire   + + .      SeeInvis +      - Unarmed
rCold   + + .      Faith    .    p - +2 tower shield of Spring {rCorr Int+2 SInv}
rNeg    . . .      Spirit   .    M - +3 swamp dragon scales
rPois   +          Reflect  .    (helmet restricted)
rElec   +          Rampage  .    l - +2 cloak
rCorr   +                        (gloves unavailable)
Will    +....                    (boots unavailable) Stlth
                                 j - amulet of the acrobat
HPRegen 1.23/turn                v - ring of Pucirchech {rElec rPois rC- rCorr SInv}
MPRegen 0.13/turn                a - ring of Kistriz {Contam rF++ rC+++ rCorr Int+6}

@: hasted and slowed, studying Shields
A: large, unfitting armour, claws 3, regeneration 1, shaggy fur 1, tough skin 1
a: no special abilities


You were on level 1 of the Lair of Beasts.
You visited 3 branches of the dungeon, and saw 18 of its levels.
You also visited: Bailey and Ice Cave.

You collected 2842 gold pieces.

Inventory:

Hand Weapons
 m - a +2 giant club
Missiles
 c - 5 stones
 n - a large rock
 y - 2 curare-tipped darts
 C - 6 datura-tipped darts
 T - 2 atropa-tipped darts
 U - 3 javelins (quivered)
 V - 2 silver javelins
Armour
 l - a +2 cloak (worn)
 p - the +2 tower shield of Spring (worn) {rCorr Int+2 SInv}
   (You acquired it on level 5 of the Dungeon)

   Int:       It affects your intelligence (+2).
   SInv:      It lets you see invisible.
   rCorr:     It protects you from acid and corrosion.
 M - +3 swamp dragon scales (worn)
 P - +0 fire dragon scales
 S - quicksilver dragon scales
Jewellery
 a - the ring of Kistriz (right claw) {Contam rF++ rC+++ rCorr Int+6}
   (You acquired it on level 5 of the Dungeon)

   [ring of intelligence]

   Int:       It affects your intelligence (+6).
   rF:        It greatly protects you from fire.
   rC:        It renders you almost immune to cold.
   Contam:    It causes magical contamination when unequipped.
   rCorr:     It protects you from acid and corrosion.
 e - a ring of resist corrosion
 j - an amulet of the acrobat (around neck)
 u - a ring of willpower
 v - the ring of Pucirchech (left claw) {rElec rPois rC- rCorr SInv}
   (You acquired it on level 5 of the Dungeon)

   [ring of see invisible]

   rC:        It makes you vulnerable to cold.
   rElec:     It insulates you from electricity.
   rPois:     It protects you from poison.
   SInv:      It lets you see invisible.
   rCorr:     It protects you from acid and corrosion.
 w - the ring "Ycejuemasi" {Fly EV+5 Str-2 Dex+3}
   (You found it on level 4 of the Dungeon)

   [ring of evasion]

   EV:        It affects your evasion (+5).
   Str:       It affects your strength (-2).
   Dex:       It affects your dexterity (+3).
   Fly:       It grants you flight.
 x - a ring of flight
 Q - a ring of protection from cold
 W - a +6 ring of strength
 X - a +4 ring of slaying
 Z - a ring of protection from fire
Wands
 r - a wand of paralysis (6)
 H - a wand of mindburst (4)
 K - a wand of digging (2)
 L - a wand of iceblast (2)
Scrolls
 f - a scroll of blinking
 g - a scroll of vulnerability
 i - a scroll of immolation
 o - 8 scrolls of teleportation
 t - 2 scrolls of torment
 z - a scroll of identify
 A - 3 scrolls of amnesia
 J - 2 scrolls of poison
 O - a scroll of noise
 R - 2 scrolls of magic mapping
Potions
 b - 3 potions of brilliance
 d - a potion of ambrosia
 h - a potion of attraction
 k - 5 potions of flight
 B - a potion of cancellation
 E - 3 potions of mutation
 F - a potion of berserk rage
 G - 3 potions of magic
 N - 3 potions of lignification
 Y - 2 potions of resistance


   Skills:
 + Level 9.0 Fighting
 * Level 13.2 Throwing
 + Level 6.5 Armour
 + Level 7.0 Dodging
 + Level 13.0 Shields
 * Level 14.6 Unarmed Combat


You had 13 spell levels left.
You didn't know any spells.
Your spell library contained the following spells:

 Spells                   Type           Power      Damage    Failure   Level
 Necrotise                Necr           0%         1d4       82%         1
 Summon Small Mammal      Summ           0%         N/A       82%         1
 Call Canine Familiar     Summ           0%         N/A       99%         3
 Dazzling Flash           Conj/Hex       0%         N/A       99%         3
 Ozocubu's Armour         Ice            0%         N/A       99%         3
 Summon Guardian Golem    Hex/Summ       0%         N/A       99%         3
 Vampiric Draining        Necr           0%         2d6       99%         3
 Iskenderun's Mystic Bla  Conj/Tloc      0%         2d3       100%        4
 Summon Ice Beast         Ice/Summ       0%         N/A       100%        4
 Agony                    Necr           0%         N/A       100%        5
 Summon Mana Viper        Hex/Summ       0%         N/A       100%        5
 Starburst                Conj/Fire      0%         6d3       100%        6
 Monstrous Menagerie      Summ           0%         N/A       100%        7
 Ozocubu's Refrigeration  Ice            0%         4d7       100%        7


Dungeon Overview and Level Annotations

Branches:
Dungeon (12/15)            Temple (1/1) D:4            Lair (5/5) D:11
  Swamp (0/4) Lair:3       Spider (0/4) Lair:3        Slime (0/5) Lair:4
    Orc (0/2) D:11         Bailey (visited)           IceCv (visited)

Altars:
Ashenzari
Cheibriados
Dithmenos
Elyvilon
Fedhas
Gozag
Hepliaklqana
Kikubaaqudgha
Makhleb
Nemelex Xobeh
Okawaru
Qazlal
Ru
Sif Muna
Trog
Uskayaw
Vehumet
Wu Jian
Xom
Yredelemnul
Zin
The Shining One

Annotations:
Lair:1 1 transporter


Innate Abilities, Weirdness & Mutations

You are too large for most types of armour.
You have claws for hands.
Your natural rate of healing is unusually fast.
You are covered in fur. (AC +1)
You have tough skin. (AC +1)


Message History

You violently stop moving!
The swamp worm fires a harpoon shot at you.
The harpoon shot hits you!
You are yanked forward by the harpoon shot.
You collide with the briar patch!
The briar patch is lightly damaged.
You become entangled in the net!
You feel better.
The swamp worm fires a harpoon shot at you.
The harpoon shot hits you!
You are yanked forward by the harpoon shot.
You collide with the briar patch!
The briar patch is heavily damaged.
The swamp worm fires a harpoon shot at you.
The harpoon shot hits you!
You are yanked forward by the harpoon shot.
You violently stop moving!
* * * LOW HITPOINT WARNING * * *
Okay, then.
Blink to where?
Press: ? - help, Dir - move target
As you read the scroll of blinking, it crumbles to dust.
You are engulfed in dark miasma.
* * * LOW HITPOINT WARNING * * *
You open the door.
You are engulfed in dark miasma.
You are poisoned.
* * * LOW HITPOINT WARNING * * *
You feel very sick.
The swamp worm fires a harpoon shot at you.
The harpoon shot misses you.
You feel better.
You are engulfed in dark miasma.
You are poisoned.
You feel yourself slow down.
* * * LOW HITPOINT WARNING * * *
You feel very sick.
You feel better.
You are engulfed in dark miasma.
* * * LOW HITPOINT WARNING * * *
The swamp worm fires a harpoon shot at you.
The harpoon shot hits you!!
You die...

##.......### #.......
#..........## ##......
######..P.....#..####.......
###.......PP.........###......
#..........P#########.#[......
#...........#w#♣#w#♣#.........
#........####§≈≈#≈≈≈##........
##.......#=[#PPP§.PPP#.^......
##.....©#©!'@^^^^^^©#©.......
##.....#[/#PP°PPPPP#........
###...#.####≈≈#§§§§##...>....
#..........##w#♣#w##.........
##..........#########.........
#..#....###...................
##.#....##.##...#.#.##........
#.#....##...........#........
#............................


You could see 3 swamp worms.

Vanquished Creatures
  A fire dragon (Lair:5)
  The ghost of ooooo the Devastator, a journeyman DsCj of Gozag (Lair:4)
  2 vault guards (Bailey)
  5 hydras
  2 boulder beetles
  Erica (Lair:1)
  A catoblepas (Lair:4)
  2 two-headed ogres
  10 death yaks (Lair:4)
  2 skysharks (Lair:5)
  A wizard (D:10)
  An orc knight (D:10)
  2 lindwurms (Lair:5)
  4 ugly things (D:10)
  An oklob plant (D:11)
  A cyclops (D:7)
  A manticore (D:10)
  9 elephants
  7 black mambas
  The ghost of DiggyJ the Chopper, a novice HOFi (D:5)
  A torpor snail (Lair:4)
  An eye of devastation (Lair:4)
  2 ice statues (IceCv)
  3 molten gargoyles (Lair:5)
  A gargoyle (D:12)
  Maggie (D:8)
  An unseen horror (D:11)
  2 freezing wraiths
  13 komodo dragons
  19 cane toads
  A rime drake (Lair:4)
  A tengu conjurer (D:10)
  2 ice devils (D:11)
  3 trolls
  A hornet (Lair:4)
  3 polar bears
  Prince Ribbit (Bailey)
  24 blink frogs
  7 dream sheep (Lair:4)
  9 slime creatures
  A spriggan (Lair:4)
  A vampire (D:11)
  2 wraiths
  54 yaks
  3 wyverns
  2 humans (Bailey)
  5 basilisks
  2 steam dragons
  6 vampire mosquitoes (D:11)
  A death yak simulacrum (IceCv)
  Edmund (D:4)
  Menkaure (D:7)
  An acid dragon (D:9)
  11 water moccasins
  A floating eye (Lair:4)
  4 hell hounds (Lair:5)
  10 orc warriors
  An ice beast (D:6)
  A black bear (D:6)
  41 wolves
  7 centaurs
  2 ogres
  2 kobold brigands
  25 bullfrogs
  Blork the orc (D:4)
  A gnoll sergeant (D:8)
  6 scorpions
  7 wights
  A cane toad simulacrum (IceCv)
  6 killer bees (D:9)
  7 howler monkeys
  3 electric eels (Lair:3)
  3 jellies
  5 lava snakes (Lair:5)
  8 orc priests
  7 hounds
  A gnoll bouda (D:8)
  4 iguanas
  15 orc wizards
  7 hell rats
  45 gnolls
  3 adders
  2 white imps (D:5)
  2 ufetubi (D:5)
  2 worms (Lair:3)
  2 dart slugs (D:1)
  66 orcs
  8 ball pythons
  8 endoplasms
  9 giant cockroaches
  13 goblins
  13 hobgoblins
  13 jackals (D:5)
  15 kobolds
  3 quokkas
  8 bats
  2 frilled lizards (D:2)
  8 rats
640 creatures vanquished.

Vanquished Creatures (collateral kills)
  A bullfrog (Lair:1)
  A hell rat (Lair:1)
2 creatures vanquished.

Vanquished Creatures (others)
  An ugly thing (IceCv)
  A briar patch (Lair:1)
  A bush (Lair:4)
  37 fungi
  58 plants
98 creatures vanquished.

Grand Total: 740 creatures vanquished

Notes
Turn   | Place    | Note
-------+----------+-------------------------------------------
     0 | D:1      | cheesebisquit the Troll Fighter began the quest for the
                  | Orb.
     0 | D:1      | Reached XP level 1. HP: 22/22 MP: 0/0
   136 | D:1      | Reached XP level 2. HP: 29/29 MP: 1/1
   205 | D:1      | Found a faded altar of an unknown god.
   212 | D:1      | Reached skill level 1 in Throwing
   382 | D:1      | Reached XP level 3. HP: 36/36 MP: 2/2
  1365 | D:2      | Reached XP level 4. HP: 44/44 MP: 3/3
  1411 | D:3      | Reached skill level 3 in Unarmed Combat
  1681 | D:3      | Found a hazy altar of Hepliaklqana.
  1858 | D:3      | Reached XP level 5. HP: 51/52 MP: 4/4
  1958 | D:4      | Found a staircase to the Ecumenical Temple.
  2003 | D:4      | Identified the ring "Ycejuemasi" {Fly EV+5 Str-2 Dex+3}
  2066 | Temple   | Entered the Ecumenical Temple
  2295 | D:4      | Noticed Edmund
  2415 | D:4      | Killed Edmund
  2416 | D:4      | Reached skill level 4 in Unarmed Combat
  2416 | D:4      | Reached XP level 6. HP: 41/61 MP: 5/5
  3416 | D:4      | Noticed Blork the orc
  3421 | D:4      | Killed Blork the orc
  3422 | D:4      | Reached XP level 7. HP: 58/67 MP: 6/6
  3517 | D:5      | Entered Level 5 of the Dungeon
  3518 | D:5      | Identified 4 scrolls of acquirement
  3518 | D:5      | Acquired the ring of Kistriz {Contam rF++ rC+++ rCorr
                  | Int+6}
  3522 | D:5      | Acquired a manual of Shields
  3524 | D:5      | Acquired the ring of Pucirchech {rElec rPois rC- rCorr
                  | SInv}
  3528 | D:5      | Acquired the +2 tower shield of Spring {rCorr Int+2 SInv}
  3594 | D:5      | You fall into a shaft and drop 2 floors!
  3807 | D:6      | Reached skill level 5 in Unarmed Combat
  3972 | D:6      | Acquired 917 gold pieces
  4296 | D:5      | Reached XP level 8. HP: 78/78 MP: 7/7
  4409 | D:5      | Found a runed translucent door.
  4409 | D:5      | Noticed DiggyJ's ghost (novice HOFi)
  4444 | D:5      | Found an ancient bone altar of Kikubaaqudgha.
  4446 | D:5      | Found a glowing golden altar of the Shining One.
  4447 | D:5      | Found a white marble altar of Elyvilon.
  4453 | D:5      | Found a blossoming altar of Fedhas.
  4455 | D:5      | Found a bloodstained altar of Trog.
  4456 | D:5      | Found an iron altar of Okawaru.
  4463 | D:5      | Found a burning altar of Makhleb.
  4467 | D:5      | Found a snail-covered altar of Cheibriados.
  4468 | D:5      | Found a shadowy altar of Dithmenos.
  4479 | D:5      | Reached skill level 6 in Unarmed Combat
  4570 | D:5      | Reached skill level 5 in Throwing
  4570 | D:5      | Reached skill level 5 in Shields
  5879 | D:7      | Noticed Menkaure
  5885 | D:6      | Reached skill level 7 in Unarmed Combat
  6008 | D:7      | Reached XP level 9. HP: 85/85 MP: 8/8
  6095 | D:7      | Killed Menkaure
  6386 | D:7      | Noticed a cyclops
  6396 | D:7      | Killed a cyclops
  6397 | D:7      | Reached skill level 5 in Fighting
  6577 | D:8      | Found a flagged portal.
  6658 | Bailey   | Entered a bailey
  6667 | Bailey   | Reached skill level 8 in Unarmed Combat
  6769 | Bailey   | Reached XP level 10. HP: 63/96 MP: 9/9
  6813 | Bailey   | Noticed a vault guard
  6813 | Bailey   | Noticed Prince Ribbit
  6820 | Bailey   | Killed Prince Ribbit
  6829 | Bailey   | Killed a vault guard
  6830 | Bailey   | Reached skill level 9 in Unarmed Combat
  6895 | Bailey   | Noticed a vault guard
  6913 | Bailey   | Killed a vault guard
  7058 | D:8      | Found a sparkling altar of Nemelex Xobeh.
  7232 | D:8      | Noticed Maggie
  7237 | D:8      | Killed Maggie
  7987 | D:8      | Reached skill level 1 in Armour
  8010 | D:8      | Reached skill level 10 in Unarmed Combat
  8488 | D:9      | Reached XP level 11. HP: 105/105 MP: 10/10
  8605 | D:10     | Entered Level 10 of the Dungeon
  8959 | D:10     | Paralysed by a centaur for 4 turns
  8994 | D:10     | Noticed a two-headed ogre
  8999 | D:10     | Noticed a wizard
  9001 | D:10     | Killed a two-headed ogre
  9001 | D:10     | Noticed a red ugly thing
  9002 | D:10     | Killed a wizard
  9003 | D:10     | Noticed a white ugly thing
  9010 | D:10     | Killed a red ugly thing
  9012 | D:10     | Noticed a green ugly thing
  9020 | D:10     | Killed a white ugly thing
  9021 | D:10     | Noticed a purple ugly thing
  9034 | D:10     | Killed a white ugly thing
  9044 | D:10     | Killed a purple ugly thing
  9108 | D:10     | Noticed a five-headed hydra
  9113 | D:10     | Killed a five-headed hydra
  9167 | D:10     | Identified the amulet "Sezaygi" {Acrobat rC- Int+5}
  9205 | D:10     | Reached skill level 11 in Unarmed Combat
  9326 | D:10     | Identified the +6 broad axe of Xoiseit {venom, Int+3}
  9396 | D:10     | Noticed an orc knight
  9419 | D:10     | Killed an orc knight
  9582 | D:10     | Reached skill level 10 in Throwing
  9649 | D:11     | Found a staircase to the Orcish Mines.
  9649 | D:11     | Found a staircase to the Lair.
  9712 | D:11     | Reached XP level 12. HP: 63/115 MP: 11/11
  9854 | D:11     | Reached skill level 10 in Shields
 10148 | D:11     | Found a frozen archway.
 10163 | D:11     | Noticed a boulder beetle
 10183 | IceCv    | Entered an ice cave
 10274 | IceCv    | Found a transporter.
 10290 | IceCv    | Found a transporter.
 10386 | D:11     | Killed a boulder beetle
 10690 | D:11     | Noticed a two-headed ogre
 10697 | D:11     | Killed a two-headed ogre
 10996 | D:11     | Reached skill level 12 in Unarmed Combat
 11139 | D:12     | Identified the +0 buckler "Uquamial" {MP+9 Int-5 Dex+4}
 11170 | D:12     | Reached skill level 5 in Dodging
 11363 | D:12     | Found a white marble altar of Elyvilon.
 11509 | Lair:1   | Entered Level 1 of the Lair of Beasts
 11525 | Lair:1   | Noticed Erica
 11543 | Lair:1   | Killed Erica
 11583 | Lair:1   | Found a transporter.
 11671 | Lair:1   | Found a transporter.
 11799 | Lair:1   | Reached XP level 13. HP: 126/126 MP: 12/12
 13617 | Lair:2   | Reached skill level 5 in Armour
 13974 | Lair:3   | Found a staircase to the Swamp.
 14161 | Lair:3   | Found a hole to the Spider Nest.
 14168 | Lair:3   | Reached skill level 13 in Unarmed Combat
 15523 | Lair:4   | Reached XP level 14. HP: 136/136 MP: 13/13
 16922 | Lair:4   | Found a staircase to the Slime Pits.
 17079 | Lair:4   | Found a runed translucent door.
 17477 | Lair:4   | Reached skill level 14 in Unarmed Combat
 17714 | Lair:4   | Noticed ooooo's ghost (journeyman DsCj)
 17730 | Lair:4   | Killed ooooo's ghost
 17808 | Lair:5   | Entered Level 5 of the Lair of Beasts
 18235 | Lair:5   | Acquired 724 gold pieces
 18558 | Lair:5   | Found a large runed translucent door.
 18559 | Lair:5   | Found a large runed translucent door.
 18941 | Lair:5   | Identified the +11 falchion of Leceoh {heavy, Dex+4}
 20830 | D:5      | Killed DiggyJ's ghost
 21029 | Lair:1   | Killed from afar by a swamp worm

Illustrated notes

Levels and vault maps discovered:
D:1:      lemuel_arrival_broad_hall, layout_basic,
          chequers_ecumenical_altar_island, dreamdust_mushroom_princess,
          amcnicky_mini_corridor_feature, serial_bayou_pond_c,
          minmay_hexomino_f4
D:2:      layout_loops_ring
D:3:      layout_basic, nzn_hepliaklqana_mist_gate, corexii_shack,
          corner_web_ring, minmay_splitting_lines, st_stairs_4
D:4:      layout_layer_cave, minmay_temple_entry_mist, uniq_blork_the_orc,
          uniq_edmund
D:5:      lemuel_castle_with_subvaults [lemuel_castle_interior_carwin_1],
          layout_loops_ring, nicolae_overflow_hallway_of_the_gods,
          gammafunk_ghost_grave
D:6:      layout_loops_ring
D:7:      layout_rooms, uniq_menkaure
D:8:      layout_rooms, mainiacjoe_overflow_paths, serial_glass,
          glass_columns_b, glass_columns_b, enter_bailey_2, uniq_maggie
D:9:      layout_irregular_city
D:10:     layout_rooms, minmay_the_grid_2x2 [minmay_the_grid_armoury,
          minmay_the_grid_odd_star, minmay_the_grid_outer_diamond,
          minmay_the_grid_prize_trominoes]
D:11:     layout_irregular_city, dpeg_oklobed_lair, orc_0_dummy,
          portal_ice_cave_demonic_guard
D:12:     layout_cross, serial_column_ruins, column_ruins_columns_straight,
          column_ruins_open_tiny, column_ruins_open_small,
          column_ruins_open_tiny, column_ruins_corridor_corner,
          nicolae_elyvilon_peaceful_grove
Temple:   grunt_temple_mini_profane
Lair:1:   gammafunk_worm_tunnel, layout_gridlike, lemuel_fruit_tree, uniq_erica
Lair:2:   layout_gridlike, lemuel_fruit_fields
Lair:3:   layout_roguey, minmay_swamp_entry_eels,
          nicolae_spider_entry_non_spiders, uniq_prince_ribbit2
Lair:4:   nzn_winding_woodlands_medium [nzn_winding_woodlands_hourglass,
          nzn_winding_woodlands_5x15_pathside_ponds,
          nzn_winding_woodlands_5x5_open_star,
          nzn_winding_woodlands_5x5_checkerboard,
          nzn_winding_woodlands_center_diamonds,
          nzn_winding_woodlands_5x5_three, nzn_winding_woodlands_5x5_default,
          nzn_winding_woodlands_5x15_eye, nzn_winding_woodlands_5x5_default],
          layout_layer_cave, minmay_slime_entry_eyes,
          ebering_ghost_reflecting_pool, grunt_forest_large_clearings
Lair:5:   cheibrodos_lair_end_hotspot, layout_loops_ring, serial_bayou_shore_b

Skill      XL: |  1  2  3  4  5  6  7  8  9 10 11 12 13 14 |
---------------+-------------------------------------------+-----
Throwing       | 1 2 3 4 6 7 8 10 11 12 13 | 13.2
Shields        | 3 4 6 7 8 9 11 12 13 | 13.0
Unarmed Combat | 3 4 5 7 8 10 11 12 13 14 | 14.6
Fighting       | 3 4 5 6 7 8 9 |  9.0
Armour         | 1 3 4 5 6 |  6.5
Dodging        | 3 4 5 6 7 |  7.0

Action                     |  1- 3 |  4- 6 |  7- 9 | 10-12 | 13-15 || total
---------------------------+-------+-------+-------+-------+-------++-------
  Melee: Unarmed           |   110 |   116 |   285 |   572 |   914 ||  1997
  Throw: Stone             |    13 |    31 |     1 |    63 |    54 ||   162
         Boomerang         |       |    30 |    77 |    69 |       ||   176
         Dart              |       |     9 |    98 |    60 |    24 ||   191
         Javelin           |       |       |     6 |     7 |    16 ||    29
         Throwing net      |       |       |     1 |       |       ||     1
         Large rock        |       |       |       |    39 |    16 ||    55
  Evoke: Wand              |       |       |     4 |     1 |     4 ||     9
    Use: Potion            |       |     1 |       |    12 |     5 ||    18
         Scroll            |       |       |    14 |    11 |    16 ||    41
   Stab: Invisible         |       |       |       |     3 |       ||     3
         Confused          |       |       |       |       |     1 ||     1
 Armour: Robe              |    44 |    15 |    76 |    11 |       ||   146
         Swamp dragon scal |       |       |       |   177 |   234 ||   411
  Dodge: Dodged            |    39 |    42 |    69 |   151 |   199 ||   500
  Block: Kite shield       |    33 |    33 |       |       |       ||    66
         Tower shield      |       |       |   248 |   505 |   732 ||  1485

Table legend: (Time is in decaauts)
 A = Elapsed time spent in this place.
 B = Non-inter-level travel time spent in this place.
 C = Inter-level travel time spent in this place.
 D = Time resting spent in this place.
 E = Time spent auto-exploring this place.
 F = Levels seen in this place.
 G = Mean time per level.
                   A        B        C        D        E       F      G
               +--------+--------+--------+--------+--------+-----+--------+
         Total |  21121 |  19405 |   1716 |   2892 |  11700 |  20 | 1056.1 |
       Dungeon |  11692 |  10561 |   1131 |   1061 |   6840 |  12 |  974.3 |
        Temple |    191 |    156 |     35 |      0 |    150 |   1 |  191.0 |
          Lair |   8723 |   8173 |    550 |   1755 |   4498 |   5 | 1744.6 |
        Bailey |    308 |    308 |      0 |      0 |    172 |   1 |  308.0 |
      Ice Cave |    205 |    205 |      0 |     75 |     40 |   1 |  205.0 |
               +--------+--------+--------+--------+--------+-----+--------+

Top non-repeatable levels by time:
  Lair:4: 3139 daAuts
  Lair:5: 2137 daAuts
    D:10: 1549 daAuts
     D:5: 1468 daAuts
  Lair:2: 1326 daAuts
    D:11: 1251 daAuts
     D:4: 1164 daAuts
  Lair:1: 1159 daAuts
     D:6: 1117 daAuts
     D:9: 966 daAuts
  Lair:3: 960 daAuts
     D:8: 846 daAuts
     D:3: 811 daAuts
     D:1: 719 daAuts
     D:7: 697 daAuts
